 Dungeon Crawl Stone Soup version 0.28.0 (webtiles) character file.

Game seed: 6071717173763766978

66 SnakkuSnakku7 the Slasher (level 3, -3/40 HPs)
             Began as a Vampire Warper on Feb 16, 2022.
             Killed from afar by an orc wizard (6 damage)
             ... with a magic dart
             ... on level 3 of the Dungeon.
             The game lasted 00:01:53 (1368 turns).

SnakkuSnakku7 the Slasher (Vampire Warper)          Turns: 1368, Time: 00:01:54

Health: -3/40      AC:  6    Str: 12    XL:     3   Next: 96%
Magic:  6/6        EV: 10    Int: 15    God:
Gold:   51         SH:  0    Dex: 13    Spells: 6/6 levels left

rFire   . . .      SeeInvis +   a - +0 falchion
rCold   . . .      Faith    .   (no shield)
rNeg    + . .      Spirit   .   h - +0 ring mail
rPois   .          Reflect  .   e - +0 helmet
rElec   .          Harm     .   (no cloak)
rCorr   .          Rampage  .   (no gloves)
Will    .....                   (no boots)
Stlth   ..........              n - amulet of the acrobat
HPRegen 0.33/turn               j - ring of positive energy
MPRegen 0.10/turn               k - ring of wizardry

@: berserking, healing quickly, very quick
A: alive, fangs 3, see invisible, vampiric 2
a: Exsanguinate


You were on level 3 of the Dungeon.
You visited 1 branch of the dungeon, and saw 3 of its levels.

You collected 51 gold pieces.

Inventory:

Hand Weapons
 a - a +0 falchion (weapon)
 o - a +2 long sword of holy wrath
Missiles
 d - 5 boomerangs of dispersal (quivered)
Armour
 b - a +0 leather armour
 e - a +0 helmet (worn)
 h - a +0 ring mail (worn)
Jewellery
 j - a ring of positive energy (left hand)
 k - a ring of wizardry (right hand)
 n - an amulet of the acrobat (around neck)
Scrolls
 c - a scroll of blinking
 i - a scroll of teleportation
Potions
 g - a potion of curing {unknown}
 l - a potion of might {unknown}
 m - a potion of haste {unknown}
 p - a potion of ambrosia {unknown}


   Skills:
 - Level 1.7 Fighting
 + Level 4.3 Long Blades
 - Level 0.7 Throwing
 - Level 0.7 Armour
 - Level 2.1 Dodging
 - Level 2.0 Spellcasting
 - Level 2.4 Translocations


You had 6 spell levels left.
You didn't know any spells.
Your spell library contained the following spells:

 Spells                   Type           Power      Damage    Failure   Level
 Blink                    Tloc           16%        N/A       12%         2
 Gell's Gravitas          Tloc           8%         N/A       22%         3
 Lesser Beckoning         Tloc           8%         N/A       22%         3
 Teleport Other           Tloc           8%         N/A       22%         3
 Manifold Assault         Tloc           8%         N/A       88%         5


Dungeon Overview and Level Annotations

Branches:
Dungeon (3/15)

Altars:


Innate Abilities, Weirdness & Mutations

Your natural rate of healing is accelerated.
You have razor-sharp teeth.
You have supernaturally acute eyesight. (SInv)
You are afflicted with vampirism and can become a bat while bloodless.


Message History

The orc wizard hits you but does no damage.
Okay, then.
You bump into the rock wall.
You feel less confused.
The orc wizard hits you but does no damage.
You hit the orc wizard.
The orc wizard is almost dead.
The orc wizard points at you and mumbles some strange words.
You are confused.
An orc and an orc priest come into view.
The orc shouts!
The orc priest shouts!
An orc comes into view. It is wielding a +0 dagger.
The orc wizard gestures at you while chanting.
The magic dart hits you.
* * * LOW HITPOINT WARNING * * *
The orc moves out of view.
The orc priest moves out of view.
It was a potion of berserk rage.
A red film seems to cover your vision as you go berserk!
You feel yourself moving faster!
You feel mighty!
You miss the orc wizard.
The orc wizard is almost dead.
The orc wizard casts a spell.
The orc wizard flickers and vanishes for a moment.
You're too confused to move!
The orc barely misses you. The orc wizard casts a spell at you.
The magic dart hits you.
* * * LOW HITPOINT WARNING * * *
You closely miss the orc wizard.
The orc wizard is almost dead.
The orc hits you but does no damage.
The orc wizard gestures at you while chanting.
The magic dart hits you!
* * * LOW HITPOINT WARNING * * *
You closely miss the orc. You closely miss the orc wizard.
The orc wizard is almost dead.
You feel less confused.
The orc wizard points at you and mumbles some strange words.
The magic dart hits you.
You die...

#### ....
.....## .
.....#. ###..
.......# ...#
.....## ....##
#..o##......
#####.#@.oo.....
#......o.#....#
#.....#r## ..#
#.....#)###....
#............#
######....$....
#.........
#.......##
#.......#


You could see an orc priest, an orc wizard (invisible), 2 orcs and a rat.

Vanquished Creatures
  2 adders (D:2)
  2 worms (D:2)
  2 orcs (D:3)
  4 ball pythons (D:1)
  4 bats
  2 endoplasms
  3 giant cockroaches (D:1)
  2 hobgoblins
  4 jackals (D:1)
  5 kobolds
  A quokka (D:2)
  3 frilled lizards
  5 rats
39 creatures vanquished.

Notes
Turn   | Place    | Note
-------+----------+-------------------------------------------
     0 | D:1      | SnakkuSnakku7 the Vampire Warper began the quest for the
                  | Orb.
     0 | D:1      | Reached XP level 1. HP: 16/16 MP: 3/3
   107 | D:1      | Reached XP level 2. HP: 22/22 MP: 5/5
   147 | D:1      | Reached skill level 3 in Long Blades
   333 | D:1      | Found a faded altar of an unknown god.
   828 | D:2      | Gained mutation: You are afflicted with vampirism and can
                  | become a bat while bloodless. [Vampire growth]
   828 | D:2      | Reached XP level 3. HP: 27/27 MP: 6/6
   982 | D:2      | Reached skill level 4 in Long Blades
  1365 | D:3      | HP: 2/40 [orc wizard/magic dart (7)]
  1368 | D:3      | Killed from afar by an orc wizard

Illustrated notes

Levels and vault maps discovered:
D:1:      psy_arrival_spokes, layout_basic, basic_ecumenical_altar,
          minmay_heptomino_l4
D:2:      layout_basic, minmay_misc_feat_tower
D:3:      layout_rooms

Skill      XL: |  1  2  3 |
---------------+----------+-----
Long Blades    | 3 4 |  4.3
Fighting       | |  1.7
Throwing       | |  0.7
Armour         | |  0.7
Dodging        | |  2.1
Spellcasting   | |  2.0
Translocations | |  2.4

Action                   || total
-------------------------++-------
Melee: Falchion          ||   153
       Bite              ||    13
       Punch             ||     2
  Use: Scroll            ||     1
       Potion            ||     1
Armor: Leather armour    ||    13
       Ring mail         ||    61
Dodge: Dodged            ||    96
